 Dungeon Crawl Stone Soup version 0.27.1-35-g4d5d836560 (webtiles) character file.

Game seed: 12576021922015378339

1783 Delamore the Covert (level 9, -2/54 HPs)
             Began as an Octopode Brigand on Apr 18, 2022.
             Was an Initiate of Gozag.
             Slain by a manticore (19 damage)
             ... on level 8 of the Dungeon.
             The game lasted 00:06:11 (7180 turns).

Delamore the Covert (Octopode Brigand)              Turns: 7180, Time: 00:06:11

Health: -2/54      AC:  1    Str: 11    XL:     9   Next: 8%
Magic:  9/9        EV: 13    Int: 13    God:    Gozag
Gold:   288        SH:  0    Dex: 16    Spells: 8/8 levels left

rFire    . . .     SeeInvis .   s - +1 dagger (vamp)
rCold    + . .     Faith    .   (no shield)
rNeg     . . .     Spirit   .   (helmet restricted)
rPois    .         Reflect  .   (no amulet)
rElec    .         Harm     .   n - ring of protection from cold
rCorr    .         Rampage  .   (no ring)
Will     .....                  (no ring)
Stlth    +++++.....             (no ring)
HPRegen  0.18/turn              (no ring)
MPRegen  0.11/turn              (no ring)
                                (no ring)
                                (no ring)

@: mighty, gold aura
A: almost no armour, amphibious, 8 rings, camouflage 1, gelatinous body 1,
(nimble swimmer 1), tentacles
a: Renounce Religion, Potion Petition, Call Merchant, Bribe Branch


You were on level 8 of the Dungeon.
You worshipped Gozag.
Gozag was aware of your devotion.
You visited 1 branch of the dungeon, and saw 8 of its levels.

You collected 527 gold pieces.
You spent 163 gold pieces at shops.
You paid 76 gold pieces to Gozag.

Inventory:

Hand Weapons
 a - a +2 dagger
 k - the +10 spear of Inflation {vorpal, Fly Int+9 Stlth-}
   (You found it on level 4 of the Dungeon)

   It inflicts extra damage upon your enemies.
   Int:       It affects your intelligence (+9).
   Fly:       It grants you flight.
   Stlth:     It makes you less stealthy.
 s - a +1 vampiric dagger (weapon)
Missiles
 b - 37 poisoned darts (quivered)
 c - 2 curare-tipped darts
Jewellery
 n - a ring of protection from cold (left tentacle)
Wands
 o - a wand of polymorph (12)
Scrolls
 f - a scroll of enchant weapon
 g - 2 scrolls of fog
 h - 3 scrolls of teleportation
 i - 3 scrolls of vulnerability
 j - a scroll of blinking
 p - a scroll of immolation
 u - a scroll of noise
 v - a scroll of magic mapping
Potions
 d - 2 potions of berserk rage
 e - 2 potions of might
 l - 3 potions of flight
 m - a potion of attraction {unknown}
 q - 3 potions of heal wounds
 t - a potion of curing


   Skills:
 - Level 2.0 Fighting
 * Level 9.9 Short Blades
 - Level 2.0 Throwing
 - Level 1.0 Dodging
 - Level 10.0 Stealth


You had 8 spell levels left.
You didn't know any spells.
Your spell library contained the following spells:

 Spells                   Type           Power      Damage    Failure   Level
 Freeze                   Ice            0%         1d3       30%         1
 Magic Dart               Conj           0%         1d3       30%         1
 Blink                    Tloc           N/A        N/A       43%         2
 Call Imp                 Summ           0%         N/A       43%         2
 Conjure Flame            Conj/Fire      0%         6-21      67%         3
 Frozen Ramparts          Ice            0%         1d2       67%         3
 Ignite Poison            Fire/Tmut/Pois 0%         N/A       67%         3
 Lesser Beckoning         Tloc           0%         N/A       67%         3
 Mephitic Cloud           Conj/Pois/Air  0%         N/A       67%         3
 Hailstorm                Conj/Ice       0%         3d3       97%         4
 Sticky Flame             Conj/Fire      0%         2d3       97%         4
 Manifold Assault         Tloc           0%         N/A       100%        5


Dungeon Overview and Level Annotations

Branches:
Dungeon (7/15)             Temple (0/1) D:4

Altars:
Elyvilon
Gozag
Zin
The Shining One

Shops:
D:6 (?!

Annotations:
D:3 makewrite's ghost, amateur MiFi


Innate Abilities, Weirdness & Mutations

You cannot wear most types of armour.
You are amphibious.
You can wear up to eight rings at the same time.
Your skin changes colour to match your surroundings (Stealth+).
Your rubbery body absorbs attacks. (AC +1, EV +1)
((You are camouflaged near water. (Stealth+)))
You have tentacles for arms and can constrict up to eight enemies at once.


Message History

You barely miss the black bear. You grab the black bear.
You squeeze the black bear!
The black bear is moderately wounded.
You constrict the black bear.
Okay, then.
You feel very mighty all of a sudden.
You constrict the black bear. The black bear closely misses you.
The black bear claws you. x2
You puncture the black bear!
You feel better.
You squeeze the black bear.
You kill the black bear!
The bullfrog hits you.
You have reached level 9!
Your experience leads to an increase in your attributes!
Increase (S)trength, (I)ntelligence, or (D)exterity?
Uppercase letters only, please.
You feel agile.
You puncture the bullfrog!
You feel better.
You grab the bullfrog. You squeeze the bullfrog!
The bullfrog is almost dead.
You constrict the bullfrog.
You kill the bullfrog!
You hit the manticore. Your squeeze misses the manticore.
The manticore is lightly wounded.
You hit the manticore. You squeeze the manticore.
The manticore is moderately wounded.
The manticore bites you!! The manticore claws you. The manticore misses you.
You barely miss the manticore. You squeeze the manticore!
The manticore is heavily wounded.
You hit the manticore.
You feel better.
The manticore is severely wounded.
The manticore bites you! The manticore completely misses you.
The manticore claws you.
You hit the manticore.
You feel better.
The manticore is severely wounded.
The ice beast hits you. The ice beast freezes you! You resist.
You hit the manticore but do no damage. Your squeeze misses the manticore.
The manticore is severely wounded.
The manticore bites you!!
You die...
Your body crumbles into a pile of gold.

####...###...##
#.............#
#.......).....#
#.............#
##...........##
# ########....#
?..
..###....##.!..
................
$
..?.....@H......
.........Y......
#####..(.?##....
#.....# ###
#.......
#........
#........
#.........


You could see a manticore and an ice beast.

Vanquished Creatures
  Sigmund (D:2)
  Duvessa (D:5)
  2 black bears
  An orc warrior (D:7)
  An ice beast (D:6)
  A sky beast (D:5)
  An ogre (D:6)
  A necrophage (D:5)
  A phantom (D:5)
  2 bullfrogs
  3 scorpions
  Dowan (D:5)
  2 bullfrog zombies
  A centaur zombie (D:5)
  A hound (D:4)
  An orc priest (D:7)
  2 centaur skeletons
  An iguana (D:4)
  An orc wizard (D:6)
  A howler monkey zombie (D:4)
  2 adders (D:3)
  2 shadow imps
  3 white imps
  An ufetubus (D:4)
  A worm (D:3)
  3 dart slugs
  7 orcs
  8 ball pythons
  10 endoplasms
  2 giant cockroaches
  8 goblins
  12 hobgoblins
  17 jackals
  7 kobolds
  6 quokkas
  6 bats
  4 frilled lizards
  4 rats
129 creatures vanquished.

Notes
Turn   | Place    | Note
-------+----------+-------------------------------------------
     0 | D:1      | Delamore the Octopode Brigand began the quest for the Orb.
     0 | D:1      | Reached XP level 1. HP: 14/14 MP: 1/1
    47 | D:1      | Reached XP level 2. HP: 3/19 MP: 2/2
   513 | D:1      | Reached XP level 3. HP: 12/24 MP: 3/3
  1023 | D:1      | Found a faded altar of an unknown god.
  1533 | D:1      | Reached skill level 6 in Stealth
  1890 | D:2      | Reached XP level 4. HP: 29/29 MP: 4/4
  1920 | D:2      | Noticed Sigmund
  1928 | D:2      | Killed Sigmund
  1929 | D:2      | Reached skill level 5 in Short Blades
  1929 | D:2      | Reached skill level 7 in Stealth
  1929 | D:2      | Reached XP level 5. HP: 30/34 MP: 5/5
  1929 | D:2      | Reached XP level 6. HP: 34/39 MP: 6/6
  2654 | D:3      | Found a transporter.
  2654 | D:3      | Noticed makewrite's ghost (amateur MiFi)
  2955 | D:3      | Found a transporter.
  3356 | D:4      | Identified the +10 spear of Inflation {vorpal, Fly Int+9
                  | Stlth-}
  3536 | D:4      | Found an opulent altar of Gozag.
  3544 | D:4      | Found an opulent altar of Gozag.
  3544 | D:4      | Found an opulent altar of Gozag.
  3547 | D:4      | Became a worshipper of Gozag Ym Sagoz the Greedy
  3585 | D:4      | Found an opulent altar of Gozag.
  3663 | D:4      | Reached XP level 7. HP: 40/45 MP: 7/7
  4005 | D:4      | Found a staircase to the Ecumenical Temple.
  4172 | D:5      | Entered Level 5 of the Dungeon
  4184 | D:5      | Reached skill level 8 in Stealth
  4410 | D:5      | Noticed Dowan
  4413 | D:5      | Noticed Duvessa
  4800 | D:5      | Reached skill level 9 in Stealth
  4800 | D:5      | Reached XP level 8. HP: 35/50 MP: 8/8
  5216 | D:5      | Found a white marble altar of Elyvilon.
  5221 | D:5      | Killed Duvessa
  5241 | D:5      | Killed Dowan
  5467 | D:5      | Found a glowing golden altar of the Shining One.
  5469 | D:5      | Found a glowing silver altar of Zin.
  5923 | D:6      | Found Naptuigh's Antique Weapon Emporium.
  5942 | D:6      | Reached skill level 10 in Stealth
  6127 | D:6      | Found Rigun's Magic Scroll Boutique.
  6135 | D:6      | Bought a scroll of noise for 11 gold pieces
  6135 | D:6      | Bought a scroll of magic mapping for 38 gold pieces
  6135 | D:6      | Bought a scroll of identify for 22 gold pieces
  6135 | D:6      | Bought a scroll of identify for 22 gold pieces
  6224 | D:6      | Found Wuepogir's Distillery.
  6232 | D:6      | Bought a potion of heal wounds for 70 gold pieces
  7160 | D:7      | You fall into a shaft and drop 1 floor!
  7166 | D:8      | Noticed a manticore
  7174 | D:8      | Reached XP level 9. HP: 49/54 MP: 9/9
  7180 | D:8      | Slain by a manticore

Illustrated notes

Levels and vault maps discovered:
D:1:      erik_arrival_orb_chamber, layout_basic,
          shapermc_ecumenical_altar_petra
D:2:      layout_rooms, uniq_sigmund
D:3:      layout_loops_ring, gammafunk_ghost_mausoleum
D:4:      minmay_door_path, layout_basic, nicolae_gozag_conspicuous_consumption,
          minmay_temple_entry_enclosed_plants, minmay_misc_feat_rugged
D:5:      layout_loops_cross, good_gods_mini_temple, chequers_decorated_corner,
          serial_bayou_crossing, uniq_duvessa
D:6:      layout_basic, serial_shops, shop,
          nicolae_shop_temple_entry_statues_fountains, nicolae_shop_stone
D:7:      layout_basic, mainiacjoe_overflow_big_doors, serial_shops, shop,
          serial_bayou, serial_bayou_ford_a, serial_bayou_shore_a,
          serial_bayou_pond_c, serial_bayou_shore_b
D:8:      layout_gridville, gammafunk_temple_overflow_elements, serial_shops,
          nicolae_shop_temple_entry_statues_fountains,
          amcnicky_mini_rare_corridor_liquid, uniq_harold

Skill      XL: |  1  2  3  4  5  6  7  8 |
---------------+-------------------------+-----
Short Blades   | 3 5 6 7 9 |  9.9
Stealth        | 6 7 9 10 | 10.0
Fighting       | |  2.0
Throwing       | |  2.0
Dodging        | |  1.0

Action                   |  1- 3 |  4- 6 |  7- 9 || total
-------------------------+-------+-------+-------++-------
Melee: Dagger            |    96 |    82 |     9 ||   187
       Constrict         |    24 |    23 |    13 ||    60
       Tentacles         |    13 |    19 |    17 ||    49
       Spear             |       |    14 |    88 ||   102
       Unarmed           |       |       |    20 ||    20
  Use: Potion            |     1 |       |     2 ||     3
       Scroll            |     1 |     3 |     7 ||    11
 Stab: Sleeping          |     8 |    12 |     9 ||    29
       Distracted        |       |     1 |       ||     1
Armor: Skin              |     8 |     7 |     6 ||    21
Dodge: Dodged            |    67 |    41 |    46 ||   154
